 Dungeon Crawl Stone Soup version 0.30-a0-776-g08fbeb92c1 (webtiles) character file.

Game seed: 9784358928973015802

211546 Lavandula the Mender (level 19, -9/148 HPs)
             Began as a Human Monk on Feb 13, 2023.
             Was a Priest of Elyvilon.
             Mangled by a great orb of eyes (15 damage)
             ... on level 1 of the Vaults.
             The game lasted 01:35:31 (33712 turns).

Lavandula the Mender (Human Monk)                  Turns: 33712, Time: 01:35:31

Health: -9/148     AC: 30    Str: 23    XL:     19   Next: 7%
Magic:  31/40      EV: 11    Int: 11    God:    Elyvilon [***...]
Gold:   867        SH: 18    Dex: 10    Spells: 13/19 levels left

rFire   + + +      SeeInvis +    S - +5 double sword
rCold   . . .      Faith    .    p - +2 kite shield {reflect}
rNeg    . . .      Spirit   .    X - +4 fire dragon scales
rPois   +          Reflect  +    v - +2 hat {SInv}
rElec   .          Harm     .    M - +2 cloak {Will+}
rCorr   .          Rampage  .    b - +2 pair of gloves
Will    +++..                    (no boots) Stlth
                                 l - amulet "Juizaok" {Reflect Regen+ MP+9 Dex-4 SH+5}
HPRegen 1.24/turn                W - +4 ring of protection
MPRegen 0.27/turn                N - ring of Wifunuch {rPois rF+ Will+ Slay+3}

@: studying Polearms
A: cold resistance 1, strong 1
}: 2/15 runes: serpentine, barnacled
a: Renounce Religion, Purification, Heal Other, Heal Self


You were on level 1 of the Vaults.
You worshipped Elyvilon.
Elyvilon was most pleased with you.
You visited 7 branches of the dungeon, and saw 31 of its levels.
You also visited: Bailey.

You collected 1878 gold pieces.
You spent 1011 gold pieces at shops.

Inventory:

Hand Weapons
 R - a +0 scimitar of flaming
 S - a +5 double sword (weapon)
Missiles
 e - 5 curare-tipped darts
 u - 32 poisoned darts
 w - 4 throwing nets
 A - 39 boomerangs (quivered)
 E - 6 silver javelins
Armour
 b - a +2 pair of gloves (worn)
 p - a +2 kite shield of reflection (worn)
 v - a +2 hat of see invisible (worn)
 B - the +7 chain mail of Lugonu's Envy {-Cast rPois rCorr Str-3}
   (You found it on level 4 of the Dungeon)

   Str:       It affects your strength (-3).
   rPois:     It protects you from poison.
   -Cast:     It prevents spellcasting.
   rCorr:     It protects you from acid and corrosion.
 G - a +2 robe of resistance
 M - a +2 cloak of willpower (worn)
 X - +4 fire dragon scales (worn)
Jewellery
 l - the amulet "Juizaok" (around neck) {Reflect Regen+ MP+9 Dex-4 SH+5}
   (You acquired it on level 12 of the Dungeon)

   [amulet of reflection]

   It reflects blocked missile attacks.
   Dex:       It affects your dexterity (-4).
   MP:        It affects your magic capacity (+9).
   Regen:     It increases your rate of health regeneration.
   SH:        It affects your SH (+5).
 o - a ring of protection from fire
 y - a ring of wizardry
 N - the ring of Wifunuch (right hand) {rPois rF+ Will+ Slay+3}
   (You bought it in a shop on level 1 of the Shoals)

   [ring of poison resistance]

   Slay:      It affects your accuracy & damage with ranged weapons and melee
   (+3).
   rF:        It protects you from fire.
   rPois:     It protects you from poison.
   Will:      It increases your willpower.
 W - a +4 ring of protection (left hand)
 Y - a ring of resist corrosion
Wands
 a - a wand of acid (4)
 z - a wand of polymorph (3)
 J - a wand of digging (7)
 K - a wand of mindburst (30)
 Q - a wand of charming (25)
 U - a wand of iceblast (25)
 V - a wand of flame (36)
Scrolls
 c - 3 scrolls of vulnerability
 f - 3 scrolls of magic mapping
 i - 3 scrolls of poison
 s - 5 scrolls of amnesia
Potions
 d - 5 potions of attraction
 h - 3 potions of heal wounds
 j - 7 potions of flight
 k - a potion of magic
 m - 5 potions of lignification
 n - 4 potions of haste
 q - 24 potions of curing
 r - 3 potions of invisibility
 x - 3 potions of brilliance
 C - 6 potions of ambrosia
 O - 2 potions of resistance
 P - 4 potions of cancellation
 T - 6 potions of might
 Z - a potion of berserk rage {unknown}
Miscellaneous
 t - a lightning rod (4/4)
 D - a phantom mirror
 I - a phial of floods


   Skills:
 - Level 12.9 Fighting
 - Level 11.3(14.4) Short Blades
 - Level 14.4(16.0) Long Blades
 - Level 1.7 Throwing
 - Level 13.4 Armour
 - Level 9.2 Dodging
 - Level 2.0 Stealth
 + Level 11.0 Shields
 - Level 0.5 Spellcasting
 - Level 1.2 Translocations
 - Level 16.3 Invocations
 - Level 6.3 Evocations


You had 13 spell levels left.
You knew the following spells:

 Your Spells              Type           Power      Damage    Failure   Level
a - Apportation           Tloc           6%         N/A       71%         1
b - Summon Forest         Summ/Tloc      0%         N/A       100%        5

Your spell library contained the following spells:

 Spells                   Type           Power      Damage    Failure   Level
 Foxfire                  Conj/Fire      0%         2x1d4     86%         1
 Freeze                   Ice            0%         1d3       86%         1
 Necrotise                Necr           0%         1d4       86%         1
 Shock                    Conj/Air       0%         1d3       86%         1
 Summon Small Mammal      Summ           0%         N/A       86%         1
 Cigotuvi's Dreadful Rot  Necr/Pois/Air  0%         N/A       95%         2
 Ensorcelled Hibernation  Hex/Ice        0%         N/A       95%         2
 Gell's Gravitas          Tloc           3%         N/A       97%         3
 Teleport Other           Tloc           3%         N/A       97%         3
 Frozen Ramparts          Ice            0%         1d1       99%         3
 Hailstorm                Conj/Ice       0%         3d3       99%         3
 Spider Form              Tmut/Pois      0%         N/A       99%         3
 Swiftness                Air            0%         N/A       99%         3
 Airstrike                Air            0%         2d(0-16)  100%        4
 Anguish                  Hex/Necr       0%         N/A       100%        4
 Dispel Undead            Necr           0%         3d6       100%        4
 Ice Form                 Ice/Tmut       0%         N/A       100%        4
 Olgreb's Toxic Radiance  Pois           0%         N/A       100%        4
 Summon Ice Beast         Ice/Summ       0%         N/A       100%        4
 Fireball                 Conj/Fire      0%         3d3       100%        5
 Death Channel            Necr           0%         N/A       100%        6
 Dispersal                Tloc           1%         N/A       100%        6
 Eringya's Noxious Bog    Tmut/Pois      0%         N/A       100%        6
 Starburst                Conj/Fire      0%         6d3       100%        6
 Ozocubu's Refrigeration  Ice            0%         4d7       100%        7
 Summon Hydra             Summ           0%         N/A       100%        7
 Ignition                 Fire           0%         3d3       100%        8


Dungeon Overview and Level Annotations

Branches:
Dungeon (15/15)            Temple (1/1) D:5            Lair (5/5) D:9
 Shoals (4/4) Lair:2        Snake (4/4) Lair:3        Slime (0/5) Lair:4
    Orc (0/2) D:10         Vaults (1/5) D:14         Depths (1/4) D:15
 Bailey (visited)

Altars:
Ashenzari
Cheibriados
Dithmenos
Elyvilon
Fedhas
Gozag
Hepliaklqana
Kikubaaqudgha
Makhleb
Nemelex Xobeh
Okawaru
Qazlal
Ru
Sif Muna
Trog
Uskayaw
Vehumet
Wu Jian
Xom
Yredelemnul
Zin
The Shining One
Jiyva

Shops:
D:4 =   D:10 :=?   D:14 [   Shoals:1 =   Snake:3 ?(   Vaults:1 !

Annotations:
D:6 1 runed translucent door, TimeIsEndless's ghost, novice OgGl
D:10 exclusion: downstairs
D:15 36 runed doors
Lair:3 6 runed translucent doors
Snake:1 3 runed translucent doors, krest's ghost, adept HOFi


Innate Abilities, Weirdness & Mutations

Your flesh is cold resistant. (rC+)
Your muscles are strong. (Str +4, Int/Dex -1)


Message History

The air fills with toxic fumes!
As you read the scroll of poison, it crumbles to dust.
You block the vault sentinel's attack. The great orb of eyes gazes at you.
You resist with almost no effort.
You block the great orb of eyes's attack.
The ironbound preserver is poisoned.
The vault sentinel casts a spell at you.
You resist with some effort.
The centaur warrior is engulfed in poison gas.
The centaur warrior is poisoned.
Strange energies crackle from the ironbound thunderhulk's apparatus.
The ironbound thunderhulk blinks!
The centaur warrior is engulfed in poison gas.
The centaur warrior looks even sicker.
The centaur warrior wields a +0 shortbow.
The centaur warrior shoots an arrow.
You reflect the arrow off your +2 kite shield of reflection!
The arrow hits the centaur warrior!!
The vault warden activates a sealing rune.
The vault sentinel blows a loud note on a signal horn!
The centaur warrior is engulfed in poison gas.
The centaur warrior looks even sicker.
The vault sentinel blows a loud note on a signal horn!
The ironbound convoker is engulfed in poison gas.
The ironbound convoker is poisoned.
The ironbound preserver is engulfed in poison gas.
The ironbound preserver looks even sicker.
The ironbound convoker gestures at the ironbound preserver while chanting.
You slash the great orb of eyes!
The great orb of eyes is severely wounded.
The ironbound thunderhulk is engulfed in poison gas.
The ironbound thunderhulk looks even sicker.
Electricity crackles from the ironbound thunderhulk's apparatus.
The bolt of lightning hits you!!!
* * * LOW HITPOINT WARNING * * *
The ironbound preserver is engulfed in poison gas.
The ironbound preserver looks even sicker.
The great orb of eyes bites you!
You die...

#########+####
..............
..............
.......Tp..$..
.........T.p..
....p..^......
.....#############
....c#...)p§§O○☼☼#
....T#)#)#.#.#.#@#
....T#)[Tp.T.p.G.#
.....#[#.#.#§#§#.#
.....#......§c...#
...p.+[#.#.#.#.#.#
.....#...........#
.T...#.#.#.#.#.#.#
.....#...........#
.....#.#.#.#.#.#.#


You could see an ironbound preserver, a vault warden, an ironbound thunderhulk
(sheltered, very poisoned), a great orb of eyes (strong), a centaur warrior
(sheltered, very poisoned), a deep troll (strong, sheltered) and an ironbound
convoker (poisoned, catching breath).

Vanquished Creatures
  7 nagarajas
  2 vault wardens (Vaults:1)
  Aizul (Snake:3)
  An ironbound preserver (Vaults:1)
  An ironbound thunderhulk (Vaults:1)
  A fire dragon (Depths:1)
  An ettin (Depths:1)
  Josephine (D:10)
  A merfolk impaler (Shoals:3)
  A yaktaur captain (Vaults:1)
  A great orb of eyes (Vaults:1)
  9 vault guards
  3 hydras
  Erica (D:9)
  4 anacondas
  2 satyrs
  2 tengu warriors
  4 catoblepae
  8 centaur warriors
  6 two-headed ogres
  4 boulder beetles
  9 naga warriors
  5 death yaks (Lair:5)
  10 naga sharpshooters
  7 shock serpents
  2 salamander mystics (Snake:2)
  14 sea snakes
  8 deep trolls (Vaults:1)
  A glowing orange brain (Vaults:1)
  2 naga ritualists
  3 lindwurms (Vaults:1)
  An ironbound convoker (Vaults:1)
  3 deep elf pyromancers
  8 harpies
  3 mana vipers
  A necromancer (D:15)
  7 salamanders
  12 manticores
  4 fauns
  6 cyclopes
  14 ugly things
  3 elephants (Lair:5)
  3 guardian serpents (Snake:4)
  29 black mambas
  5 merfolk sirens
  3 water nymphs
  3 gargoyles
  11 naga magi
  Psyche (D:10)
  3 kobold demonologists
  An unseen horror (D:6)
  11 cane toads
  6 komodo dragons
  A tengu conjurer (D:15)
  2 rime drakes
  4 polar bears
  6 blink frogs
  A tarantella (Lair:3)
  16 merfolk
  A hornet (D:11)
  A blink frog (shapeshifter) (D:15)
  14 dream sheep
  A wind drake (Shoals:2)
  3 snapping turtles
  A jumping spider (Lair:3)
  12 slime creatures
  2 shadows
  6 wyverns
  A centaur simulacrum (D:15)
  7 wraiths
  58 yaks
  A vampire (D:13)
  A steam dragon (D:9)
  6 water elementals (Shoals:2)
  5 basilisks
  A golden eye (shapeshifter) (D:15)
  9 vampire mosquitoes
  24 nagas
  2 redbacks (Lair:3)
  2 acid dragons
  13 water moccasins
  Duvessa (D:4)
  2 sky beasts
  3 ice beasts
  A hornet zombie (D:6)
  2 orc warriors
  A black bear (D:9)
  2 ogres
  15 wolves
  2 boggarts (D:15)
  8 centaurs
  4 kobold brigands
  2 phantoms (D:6)
  A wyvern zombie (D:6)
  9 bullfrogs
  Blork the orc (D:6)
  A gnoll sergeant (D:8)
  5 scorpions
  4 wights (D:9)
  A wyvern skeleton (D:6)
  Dowan (D:4)
  28 killer bees
  4 howler monkeys
  A bullfrog zombie (D:6)
  3 jellies
  A centaur zombie (D:6)
  3 hounds
  5 orc priests
  A centaur skeleton (D:6)
  11 orc wizards
  5 iguanas
  9 gnolls
  11 adders
  An ufetubus (D:4)
  A worm (D:2)
  6 dart slugs
  44 orcs
  3 ball pythons
  6 bats
  5 endoplasms
  6 giant cockroaches
  13 goblins
  3 hobgoblins
  8 jackals
  9 quokkas
  4 frilled lizards
  20 kobolds
  4 rats
  A spectral orc (D:8)
743 creatures vanquished.

Vanquished Creatures (collateral kills)
  2 slime creatures (Vaults:1)
2 creatures vanquished.

Vanquished Creatures (others)
  A vault warden (Vaults:1)
  An ironbound preserver (Vaults:1)
  A merfolk impaler (Shoals:4)
  A yaktaur captain (Vaults:1)
  A merfolk javelineer (Shoals:4)
  3 vault guards
  An ironbound frostheart (Vaults:1)
  2 naga sharpshooters (Snake:4)
  7 death yaks (Lair:5)
  A naga warrior (Snake:4)
  A skeletal warrior (D:10)
  5 deep trolls
  A slime creature (D:13)
  An ironbound convoker (Vaults:1)
  A guardian serpent (Snake:3)
  3 naga magi
  A yaktaur (Vaults:1)
  2 freezing wraiths (D:13)
  A rime drake (Lair:2)
  A yak (D:10)
  A vampire mosquito (D:13)
  3 nagas (Snake:4)
  A water moccasin (Lair:5)
  4 orc warriors
  A kobold brigand (D:11)
  4 killer bees (Lair:2)
  An orc priest (D:10)
  An orc wizard (D:6)
  A gnoll (Bailey)
  9 orcs
  2 hobgoblins (Bailey)
  9 kobolds
  15 fungi
  114 plants
  4 tentacles (Shoals:3)
206 creatures vanquished.

Grand Total: 951 creatures vanquished

Notes
Turn   | Place    | Note
-------+----------+-------------------------------------------
     0 | D:1      | Lavandula the Human Monk began the quest for the Orb.
     0 | D:1      | Reached XP level 1. HP: 18/18 MP: 1/1
   120 | D:1      | Reached XP level 2. HP: 16/24 MP: 2/2
   354 | D:1      | Reached skill level 1 in Short Blades
   386 | D:1      | Reached XP level 3. HP: 29/29 MP: 3/3
   989 | D:2      | Reached XP level 4. HP: 34/35 MP: 4/4
  1668 | D:3      | Found a faded altar of an unknown god.
  1669 | D:3      | Noticed a scorpion
  1678 | D:3      | Reached XP level 5. HP: 41/41 MP: 5/5
  2055 | D:3      | Reached XP level 6. HP: 24/47 MP: 6/6
  2079 | D:3      | Reached skill level 5 in Short Blades
  2368 | D:3      | Found an iron altar of Okawaru.
  2639 | D:4      | Found a radiant altar of Vehumet.
  2650 | D:4      | Found Osefil's Jewellery Shop.
  2802 | D:4      | Found a glowing golden altar of the Shining One.
  3100 | D:4      | Reached XP level 7. HP: 47/52 MP: 7/7
  3163 | D:4      | Identified the +7 chain mail of Lugonu's Envy {-Cast rPois
                  | rCorr Str-3}
  3449 | D:4      | Noticed Duvessa
  3449 | D:4      | Noticed Dowan
  3462 | D:4      | Killed Duvessa
  3467 | D:4      | Killed Dowan
  3775 | D:4      | Reached XP level 8. HP: 22/58 MP: 8/8
  4097 | D:5      | Entered Level 5 of the Dungeon
  4819 | D:5      | Found a staircase to the Ecumenical Temple.
  4834 | Temple   | Entered the Ecumenical Temple
  4879 | Temple   | Became a worshipper of Elyvilon the Healer
  4879 | Temple   | Reached * piety under Elyvilon
  4879 | Temple   | Reached ** piety under Elyvilon
  5448 | D:6      | Found a runed translucent door.
  5448 | D:6      | Noticed TimeIsEndless's ghost (novice OgGl)
  5473 | D:6      | Reached skill level 10 in Short Blades
  5484 | D:6      | Noticed Blork the orc
  5580 | D:6      | Reached XP level 9. HP: 63/63 MP: 9/9
  6247 | D:6      | HP: 3/63 [something (2)]
  6248 | D:6      | HP: 1/63 [something (7)]
  6256 | D:6      | HP: 1/63 [something (7)]
  6290 | D:6      | Killed an unseen horror
  6352 | D:6      | Reached skill level 1 in Invocations
  6530 | D:6      | Killed Blork the orc
  6531 | D:6      | Reached skill level 2 in Invocations
  6587 | D:6      | Reached skill level 3 in Invocations
  6705 | D:6      | Reached skill level 4 in Invocations
  6912 | D:6      | Reached skill level 5 in Invocations
  7024 | D:6      | Reached skill level 6 in Invocations
  7212 | D:6      | Reached XP level 10. HP: 70/70 MP: 14/14
  7545 | D:7      | Found a flagged portal.
  7576 | Bailey   | Entered a bailey
  7576 | Bailey   | Reached *** piety under Elyvilon
  7602 | Bailey   | Reached skill level 1 in Throwing
  7717 | Bailey   | Reached skill level 7 in Invocations
  8318 | D:8      | Found a hazy altar of Hepliaklqana.
  8375 | D:8      | Identified the +0 robe of the Blind Marksman {Dex-5 Slay+3
                  | SInv}
  8414 | D:8      | Reached skill level 8 in Invocations
  8912 | D:9      | Reached skill level 9 in Invocations
  8948 | D:9      | Reached skill level 10 in Invocations
  9071 | D:9      | Reached skill level 11 in Invocations
  9071 | D:9      | Reached XP level 11. HP: 75/75 MP: 19/19
  9118 | D:9      | Noticed Erica
  9144 | D:9      | Killed Erica
  9234 | D:9      | Reached skill level 5 in Evocations
  9379 | D:9      | Found a staircase to the Lair.
  9720 | D:10     | Entered Level 10 of the Dungeon
  9752 | D:10     | Reached skill level 5 in Long Blades
  9804 | D:10     | Reached **** piety under Elyvilon
  9925 | D:10     | Noticed Josephine
  9951 | D:10     | Killed Josephine
 10042 | D:10     | Found a staircase to the Orcish Mines.
 10192 | D:10     | Found a basalt altar of Yredelemnul.
 10192 | D:10     | Found a faded altar of an unknown god.
 10200 | D:10     | Found a faded altar of an unknown god.
 10202 | D:10     | Found a stormy altar of Qazlal.
 10204 | D:10     | Found a sacrificial altar of Ru.
 10238 | D:10     | Found Beollig's Magic Scroll Shoppe.
 10241 | D:10     | Noticed a skeletal warrior
 10241 | D:10     | Noticed a skeletal warrior
 10255 | D:10     | Noticed a skeletal warrior
 10263 | D:10     | Elyvilon protects you from harm!
 10266 | D:10     | Pacified a skeletal warrior
 10268 | D:10     | HP: 2/77 [skeletal warrior/+0 glaive (13)]
 10273 | D:10     | Pacified a skeletal warrior
 10274 | D:10     | Reached skill level 5 in Fighting
 10274 | D:10     | Reached XP level 12. HP: 34/86 MP: 3/20
 10281 | D:10     | Killed a skeletal warrior
 10426 | D:10     | Found a shadowy altar of Dithmenos.
 10434 | D:10     | Noticed a two-headed ogre
 10460 | D:10     | Killed a two-headed ogre
 10689 | D:10     | Found a bloodstained altar of Trog.
 10733 | D:10     | Noticed Psyche
 10752 | D:10     | Killed Psyche
 10910 | D:10     | Found Lata's One-of-a-Kind Rings.
 11050 | D:10     | Found Jukh's Book Boutique.
 11363 | D:11     | Noticed a tengu warrior
 11392 | D:11     | Killed a tengu warrior
 11590 | D:11     | Noticed a two-headed ogre
 11617 | D:11     | Killed a two-headed ogre
 11824 | D:11     | Reached skill level 1 in Armour
 11926 | D:11     | Noticed a two-headed ogre
 11938 | D:11     | Killed a two-headed ogre
 12375 | D:12     | Identified a scroll of acquirement
 12377 | D:12     | Acquired the amulet "Juizaok" {Reflect Regen+ MP+9 Dex-4
                  | SH+5}
 12442 | D:12     | Identified the +5 quarterstaff of Grace {distort, Will-
                  | Str+6}
 12663 | D:12     | Noticed a boulder beetle
 12692 | D:12     | Killed a boulder beetle
 12693 | D:12     | Reached skill level 5 in Armour
 12748 | D:12     | Reached ***** piety under Elyvilon
 12757 | D:12     | Noticed a two-headed ogre
 12768 | D:12     | Killed a two-headed ogre
 12825 | D:12     | Noticed a boulder beetle
 12840 | D:12     | Killed a boulder beetle
 12841 | D:12     | Reached XP level 13. HP: 77/101 MP: 21/21
 13912 | D:13     | Noticed a centaur warrior
 13957 | D:13     | Killed a centaur warrior
 14358 | D:13     | Noticed a catoblepas
 14389 | D:13     | Killed a catoblepas
 14394 | D:13     | Noticed a centaur warrior
 14402 | D:13     | Killed a centaur warrior
 14660 | D:13     | Reached skill level 5 in Dodging
 15195 | D:14     | Noticed an eight-headed hydra
 15198 | D:14     | Pacified an eight-headed hydra
 15301 | D:14     | Noticed a centaur warrior
 15312 | D:14     | Killed a centaur warrior
 15385 | D:14     | Noticed an eight-headed hydra
 15401 | D:14     | Killed a two-headed hydra
 15431 | D:14     | Noticed a centaur warrior
 15448 | D:14     | Killed a centaur warrior
 15449 | D:14     | Reached XP level 14. HP: 90/108 MP: 22/22
 15875 | D:14     | Found Sucelom's Armour Shop.
 15942 | D:14     | Found a broken altar of Ashenzari.
 15982 | D:14     | Found a gate to the Vaults.
 16707 | D:14     | Reached skill level 10 in Long Blades
 16982 | Lair:1   | Entered Level 1 of the Lair of Beasts
 16988 | Lair:1   | Learned a level 1 spell: Apportation
 17052 | Lair:1   | Gained mutation: You have sharp toenails. [potion of
                  | mutation]
 18751 | Lair:2   | Found a staircase to the Shoals.
 18962 | Lair:3   | You fall into a shaft and drop 1 floor!
 19390 | Lair:3   | Reached ****** piety under Elyvilon
 19443 | Lair:3   | Reached XP level 15. HP: 113/113 MP: 23/23
 19587 | Lair:3   | Found a staircase to the Snake Pit.
 20267 | Lair:3   | Found a runed translucent door.
 20375 | Lair:4   | Found a viscous altar of Jiyva.
 20376 | Lair:4   | Found a staircase to the Slime Pits.
 21211 | Lair:5   | Entered Level 5 of the Lair of Beasts
 21320 | Lair:5   | Reached skill level 12 in Invocations
 21558 | Lair:5   | Reached skill level 13 in Invocations
 21907 | Lair:5   | Reached skill level 14 in Invocations
 21970 | Lair:5   | Reached skill level 1 in Translocations
 21982 | Lair:5   | Learned a level 5 spell: Summon Forest
 22641 | Lair:3   | Found a runed translucent gate.
 22641 | Lair:3   | Found a runed translucent gate.
 22641 | Lair:3   | Found a runed translucent gate.
 22641 | Lair:3   | Found a runed translucent gate.
 22641 | Lair:3   | Found a runed translucent gate.
 22641 | Lair:3   | Found a runed translucent gate.
 22725 | Shoals:1 | Entered Level 1 of the Shoals
 22762 | Shoals:1 | Reached skill level 1 in Shields
 22998 | Shoals:1 | Found Sylef's Jewellery Shop.
 23006 | Shoals:1 | Bought the ring of Wifunuch {rPois rF+ Will+ Slay+3} for
                  | 835 gold pieces
 23045 | Shoals:1 | Reached XP level 16. HP: 19/120 MP: 26/26
 23257 | Shoals:1 | Lost mutation: You have sharp toenails. [potion of
                  | mutation]
 23257 | Shoals:1 | Gained mutation: Your flesh is cold resistant. (rC+)
                  | [potion of mutation]
 23257 | Shoals:1 | Gained mutation: Your muscles are strong. (Str +4, Int/Dex
                  | -1) [potion of mutation]
 23400 | Shoals:1 | Reached skill level 5 in Shields
 23621 | Shoals:1 | Elyvilon protects you from harm!
 24018 | D:15     | Entered Level 15 of the Dungeon
 24187 | D:15     | Found a huge runed gate.
 24187 | D:15     | Found a huge runed gate.
 24187 | D:15     | Found a huge runed gate.
 24187 | D:15     | Found a huge runed gate.
 24187 | D:15     | Found a huge runed gate.
 24187 | D:15     | Found a huge runed gate.
 24188 | D:15     | Found a huge runed gate.
 24188 | D:15     | Found a huge runed gate.
 24188 | D:15     | Found a huge runed gate.
 24188 | D:15     | Found a huge runed gate.
 24188 | D:15     | Found a huge runed gate.
 24189 | D:15     | Found a huge runed gate.
 24190 | D:15     | Found a huge runed gate.
 24190 | D:15     | Found a huge runed gate.
 24191 | D:15     | Found a huge runed gate.
 24192 | D:15     | Found a huge runed gate.
 24193 | D:15     | Found a huge runed gate.
 24332 | D:15     | Found a huge runed gate.
 24333 | D:15     | Found a huge runed gate.
 24341 | D:15     | Found a huge runed gate.
 24341 | D:15     | Found a huge runed gate.
 24341 | D:15     | Found a huge runed gate.
 24341 | D:15     | Found a huge runed gate.
 24341 | D:15     | Found a huge runed gate.
 24341 | D:15     | Found a huge runed gate.
 24342 | D:15     | Found a huge runed gate.
 24344 | D:15     | Found a huge runed gate.
 24345 | D:15     | Found a huge runed gate.
 24461 | D:15     | Found a huge runed gate.
 24461 | D:15     | Found a huge runed gate.
 24461 | D:15     | Found a huge runed gate.
 24461 | D:15     | Found a huge runed gate.
 24461 | D:15     | Found a huge runed gate.
 24468 | D:15     | Found a huge runed gate.
 24469 | D:15     | Found a huge runed gate.
 24470 | D:15     | Found a huge runed gate.
 24574 | D:15     | Found a staircase to the Depths.
 24805 | D:15     | Found a burning altar of Makhleb.
 25083 | Depths:1 | Entered Level 1 of the Depths
 25880 | Shoals:2 | Reached skill level 10 in Shields
 26524 | Shoals:3 | Reached skill level 15 in Invocations
 26836 | Shoals:3 | Reached XP level 17. HP: 82/126 MP: 28/28
 27336 | Shoals:3 | Noticed a kraken
 27347 | Shoals:3 | Pacified a kraken
 27455 | Shoals:4 | Entered Level 4 of the Shoals
 27476 | Shoals:4 | Reached skill level 16 in Invocations
 27678 | Shoals:4 | Got a barnacled rune of Zot
 27820 | Snake:1  | Entered Level 1 of the Snake Pit
 28530 | Snake:1  | Noticed krest's ghost (adept HOFi)
 28556 | Snake:1  | Found a runed translucent gate.
 28557 | Snake:1  | Found a runed translucent gate.
 28557 | Snake:1  | Found a runed translucent gate.
 28830 | Snake:2  | Reached skill level 10 in Armour
 29557 | Snake:3  | Found Ilycw's Weapon Boutique.
 29557 | Snake:3  | Found Teoxoff's Magic Scroll Shop.
 29558 | Snake:3  | Noticed Aizul
 29599 | Snake:3  | Killed Aizul
 30225 | Snake:3  | Found a glowing silver altar of Zin.
 30266 | Snake:3  | Identified the +0 scale mail of Vadohuav {rPois rCorr Int+3
                  | Slay+2}
 30323 | Snake:3  | Reached XP level 18. HP: 80/132 MP: 30/30
 30866 | Snake:4  | Entered Level 4 of the Snake Pit
 31565 | Snake:4  | HP: 6/132 [naga sharpshooter/bolt (23)]
 31928 | Snake:4  | Reached skill level 10 in Fighting
 32826 | Snake:4  | Got a serpentine rune of Zot
 33123 | Vaults:1 | Entered Level 1 of the Vaults
 33123 | Vaults:1 | Found Xulirix's Distillery.
 33128 | Vaults:1 | Bought a potion of cancellation for 128 gold pieces
 33128 | Vaults:1 | Bought a potion of curing for 48 gold pieces
 33673 | Vaults:1 | Reached XP level 19. HP: 93/148 MP: 31/31
 33688 | Vaults:1 | Elyvilon protects you from harm!
 33689 | Vaults:1 | HP: 3/148 [ironbound frostheart[a vault warden] (13)]
 33712 | Vaults:1 | HP: 6/148 [ironbound thunderhulk/bolt of lightning (54)]
 33712 | Vaults:1 | Mangled by a great orb of eyes

Illustrated notes

Levels and vault maps discovered:
D:1:      shiori_arrival_elements, layout_basic, minmay_domino_4
D:2:      layout_rooms
D:3:      layout_basic, okawaru_metal_pillars_1_2,
          hellmonk_ecumenical_altar_heavens_door
D:4:      minmay_chambers_of_fours, layout_basic, lemuel_round_altar,
          mainiacjoe_overflow_boulevard, serial_shops,
          nicolae_shop_window_shopping, minmay_large_rounded_square,
          uniq_duvessa
D:5:      layout_basic, minmay_temple_entry_wispy
D:6:      layout_loops_cross, hellmonk_ghost_happy_afterlife, serial_undead,
          serial_undead_d, serial_undead_c, serial_undead_c, serial_undead_b,
          minmay_manual_moon, uniq_blork_the_orc
D:7:      kennysheep_slugbush, layout_rooms, mainiacjoe_overflow_chevrons,
          enter_bailey_3, minmay_increasing_density
D:8:      layout_loops_ring, nicolae_hepliaklqana_monster_ancestors
D:9:      layout_loops_ring, david_lair_generic, uniq_erica
D:10:     layout_roguey, nicolae_dithmenos_shadow_blocks, trog_hazing_becter,
          chequers_temple_overflow_minitemple, hiddenorc2_lemuel, serial_shops,
          nicolae_lakefront_shop, nicolae_diamond_shop, serial_co_window_serial,
          co_window_corner_a, co_window_corner_a, co_window_corner_a,
          co_window_cross_1, co_window_paths_a, co_window_corner_a,
          co_window_corner_a, co_window_cross_2, co_window_of_opportunity_c,
          co_window_paths_d, glass_columns_a, glass_columns_c, glass_columns_a,
          nicolae_shop_unique_rings, chequers_avenue,
          dreamdust_deal_with_the_devil, uniq_psyche, uniq_josephine
D:11:     layout_small_grid
D:12:     layout_layer_cave, minmay_misc_feat_ornament
D:13:     layout_basic
D:14:     layout_loops_ring, erik_vaults_2, cheibrodos_ashenzari_chains,
          serial_shops, nicolae_lakefront_shop
D:15:     hangedman_depths_entry_civil_slaughter, layout_loops_cross,
          chequers_mini_garden, gammafunk_ghost_door_vault, bloody_makhleb
Temple:   hc_temple_tempest_star
Lair:1:   layout_long_grid, serial_bayou_pond_a
Lair:2:   wad_woods_04, layout_long_grid, elwin_shoals_entry_rooms, special_room
          [special_room_bee], beast_lair_carwin_8
Lair:3:   gammafunk_indiana_jones, layout_regular_city, dummy_snake_entry,
          grunt_megastairs_2, serial_bayou_shore_b
Lair:4:   layout_layer_cave, slime_entry_1
Lair:5:   evilmike_catoblepas_cave, layout_concentric_octagons
Shoals:1: layout_shoals, serial_shops, nicolae_shop_statue_plus
Shoals:2: layout_shoals
Shoals:3: layout_shoals
Shoals:4: shoals_end_grunt_garden, layout_shoals, shoals_ilsuiw_alternative
Snake:1:  layout_basic, gammafunk_ghost_split
Snake:2:  layout_cave_shapes
Snake:3:  layout_cave_town, basic_altar, minmay_shoptagon, uniq_aizul
Snake:4:  grunt_snake_rune_pools, layout_cave_town, st_stairs_10,
          lemuel_fruit_tree
Vaults:1: ontoclasm_vaults_spin, nicolae_vaults_quartermaster, v_alt_pattern_1,
          v_alt_pattern_1, vaults_room_fancy_cross, vaults_dpeg_ring,
          hangedman_vaults_capsules, v_misc_25, nicolae_vaults_what_the_h,
          nicolae_vaults_mini_display_case, nicolae_vaults_border_crossing,
          layout_vaults_ring, serial_shops, shop
Depths:1: kennysheep_blocky_room, layout_cross, enter_ziggurat_b,
          grunt_pan_entry_in_and_out, hex_tiny, hell_entry, grunt_ministairs_11,
          minmay_misc_feat_tower, nicolae_wu_jian_glorious_leap

Skill      XL: |  1  2  3  4  5  6  7  8  9 10 11 12 13 14 15 16 17 18 19 |
---------------+----------------------------------------------------------+-----
Short Blades   | 1 2 3 4 6 7 10 11 | 11.3
Invocations    | 6 11 14 15 16 | 16.3
Throwing       | 1 |  1.7
Evocations     | 6 |  6.3
Long Blades    | 7 12 13 14 | 14.4
Fighting       | 5 9 12 | 12.9
Armour         | 6 9 12 13 | 13.4
Dodging        | 8 9 |  9.2
Translocations | 1 |  1.2
Shields        | 3 10 11 | 11.0
Stealth        | |  2.0
Spellcasting   | |  0.5

Action                     |  1- 3 |  4- 6 |  7- 9 | 10-12 | 13-15 | 16-18 | 19-21 || total
---------------------------+-------+-------+-------+-------+-------+-------+-------++-------
  Melee: Falchion          |    29 |       |       |       |       |       |       ||    29
         Short sword       |    60 |   183 |   745 |   280 |       |       |       ||  1268
         Punch             |     1 |       |    16 |    30 |    28 |     8 |       ||    83
         Rapier            |       |       |       |   469 |   374 |       |       ||   843
         Scimitar          |       |       |       |   290 |  1430 |   187 |       ||  1907
         Long sword        |       |       |       |    11 |   127 |       |       ||   138
         Kick              |       |       |       |       |   480 |    14 |       ||   494
         Double sword      |       |       |       |       |       |  1564 |    14 ||  1578
  Throw: Dart              |       |       |     4 |    28 |     1 |       |       ||    33
         Boomerang         |       |       |     3 |    18 |       |     5 |       ||    26
         Throwing net      |       |       |     1 |       |       |       |       ||     1
         Javelin           |       |       |       |     6 |     6 |       |       ||    12
 Invoke: Heal Other        |       |       |       |    13 |    24 |    58 |     7 ||   102
         Heal Self         |       |       |       |     3 |     3 |     2 |     1 ||     9
  Evoke: Wand              |       |       |    10 |       |     1 |     5 |       ||    16
         Phial of floods   |       |       |       |     1 |       |       |       ||     1
         Phantom mirror    |       |       |       |       |       |     1 |       ||     1
         Lightning rod     |       |       |       |       |       |     4 |       ||     4
    Use: Scroll            |       |       |     5 |    10 |     6 |    18 |     1 ||    40
         Potion            |       |       |     4 |     1 |     1 |     4 |     3 ||    13
   Stab: Sleeping          |     5 |     5 |       |       |       |       |       ||    10
         Distracted        |       |       |       |       |       |     1 |       ||     1
 Armour: Robe              |    16 |     4 |       |       |       |       |       ||    20
         Ring mail         |       |    25 |     8 |       |       |       |       ||    33
         Chain mail        |       |       |   400 |   603 |  1326 |   824 |       ||  3153
         Fire dragon scale |       |       |       |       |       |    34 |     5 ||    39
  Dodge: Dodged            |    72 |    79 |   103 |   232 |   601 |   508 |     7 ||  1602
  Block: Other             |       |       |       |     9 |   380 |   133 |       ||   522
         Reflection        |       |       |       |       |     7 |   106 |     5 ||   118
         Kite shield       |       |       |       |       |       |   869 |    26 ||   895

Table legend: (Time is in decaauts)
 A = Elapsed time spent in this place.
 B = Non-inter-level travel time spent in this place.
 C = Inter-level travel time spent in this place.
 D = Time resting spent in this place.
 E = Time spent auto-exploring this place.
 F = Levels seen in this place.
 G = Mean time per level.
                   A        B        C        D        E       F      G
               +--------+--------+--------+--------+--------+-----+--------+
         Total |  32366 |  30528 |   1838 |   4543 |  16844 |  32 | 1011.4 |
       Dungeon |  17012 |  16101 |    911 |   2082 |   9882 |  15 | 1134.1 |
        Temple |    159 |    141 |     18 |      0 |    117 |   1 |  159.0 |
          Lair |   5689 |   5212 |    477 |    130 |   3805 |   5 | 1137.8 |
        Shoals |   3434 |   3168 |    266 |    963 |    686 |   4 |  858.5 |
     Snake Pit |   5030 |   4882 |    148 |   1078 |   2210 |   4 | 1257.5 |
        Vaults |    564 |    564 |      0 |    116 |    143 |   1 |  564.0 |
        Depths |    258 |    243 |     15 |    173 |      0 |   1 |  258.0 |
        Bailey |    217 |    217 |      0 |      0 |      0 |   1 |  217.0 |
               +--------+--------+--------+--------+--------+-----+--------+

Top non-repeatable levels by time:
 Snake:4: 1918 daAuts
    D:14: 1816 daAuts
     D:4: 1636 daAuts
    D:12: 1583 daAuts
     D:5: 1428 daAuts
 Snake:3: 1423 daAuts
    D:10: 1407 daAuts
  Lair:2: 1378 daAuts
    D:13: 1368 daAuts
Shoals:2: 1324 daAuts
  Lair:3: 1280 daAuts
  Lair:5: 1213 daAuts
     D:6: 1195 daAuts
     D:3: 1154 daAuts
    D:11: 1133 daAuts
